Map: Orbital Shipyard

Players

CaptRaynor - Winner!

  • Race: Protoss Protoss
  • League: Grandmaster

Fulgren

  • Race: Zerg Zerg

VOD

Have the link to the VOD?

Description

Time

  • Played on: Aug. 7, 2015, 10:50 p.m.
  • Length: 12:28
Show
View Real Time Build Order
Export as new Build Order

CaptRaynor Protoss - Winner!

Build Orders: Nexus First 

Get SALT Encoding   

  12  0:02  Probe  
  13  0:20  Pylon  
  13  0:22  Probe  
  14  0:38  Probe  
  15  0:56  Nexus  
  15  1:00  Probe (Chrono Boost)  
  16  1:12  Probe (Chrono Boost)  
  17  1:22  Probe (Chrono Boost)  
  17  1:25  Pylon  
  18  1:32  Probe  
  19  1:39  Assimilator  
  19  1:44  Probe  
  20  1:53  Gateway  
  20  2:00  Probe  
  21  2:09  Pylon  
  21  2:13  Probe x2  
  23  2:17  Pylon  
  23  2:23  Assimilator  
  23  2:25  Probe x2  
  25  2:38  Probe x2, Pylon  
  27  2:44  Pylon  
  27  2:51  Probe x2  
  29  2:52  Cybernetics Core  
  29  2:56  Gateway  
  29  3:04  Probe x2  
  31  3:08  Zealot (Chrono Boost)  
  33  3:16  Probe x2  
  35  3:29  Warp Gate (Chrono Boost)  
  35  3:30  Mothership Core  
  35  3:33  Adept (Chrono Boost)  
  38  3:37  Probe  
  39  3:41  Assimilator  
  39  3:47  Adept (Chrono Boost)  
  41  3:50  Probe  
  41  3:51  Probe  
  41  3:53  Assimilator  
  43  3:56  Adept, Pylon  
  45  4:06  Probe  
  45  4:07  Probe  
  47  4:12  Stargate  
  47  4:18  Probe  
  47  4:19  Probe  
  47  4:21  Stargate  
  49  4:25  Pylon  
  49  4:34  Robotics Facility  
  49  4:40  Probe x2  
  51  4:58  Probe x2  
  53  5:00  Oracle  
  53  5:04  Nexus  
  56  5:08  Pylon  
  56  5:14  Void Ray  
  60  5:26  Observer  
  52  5:54  Probe x2  
  54  5:59  Adept  
  56  6:08  Probe  
  56  6:09  Probe, Assimilator  
  58  6:13  Protoss Air Weapons Level 1 (Chrono Boost)  
  58  6:26  Adept x2  
  62  6:33  Probe  
  62  6:34  Probe x2  
  65  6:40  Void Ray x2  
  73  6:58  Probe x3  
  76  7:01  Gateway  
  76  7:02  Immortal  
  76  7:04  Gateway  
  76  7:05  Adept x2, Pylon  
  84  7:15  Pylon  
  84  7:16  Fleet Beacon  
  84  7:23  Forge  
  84  7:28  Void Ray x2  
  92  7:36  Stalker x2  
  96  8:07  Protoss Air Weapons Level 2 (Chrono Boost), Carrier x2  
  96  8:13  Zealot x2  
  100  8:24  Graviton Catapult  
  100  8:28  Photon Cannon  
  112  8:43  Adept x4  
  120  8:51  Protoss Shields Level 1 (Chrono Boost)  
  117  9:08  Stalker x2  
  121  9:13  Pylon  
  121  9:39  Nexus  
  121  9:41  Pylon  
  121  9:44  Carrier  
  121  9:45  Pylon, Carrier  
  121  9:46  Adept x4  
  129  9:54  Pylon  
  129  10:02  Assimilator  
  129  10:04  Protoss Air Weapons Level 3 (Chrono Boost)  
  129  10:07  Assimilator  
  141  10:25  Immortal (Chrono Boost), Assimilator  
  145  10:32  Adept x2  
  145  10:33  Adept x2  
  153  10:43  Pylon  
  153  10:47  Probe, Pylon  
  154  10:50  Probe x2  
  154  10:52  Pylon  
  156  11:27  Probe x4  
  142  12:20  Adept x2  
  142  12:21  Adept x2  
Show
View Real Time Build Order
Export as new Build Order

Fulgren Zerg 

Build Orders: Hatch First, Lurkers 

Get SALT Encoding   

  12  0:01  Drone  
  13  0:13  Overlord  
  13  0:18  Drone  
  14  0:43  Drone x3  
  17  1:04  Hatchery  
  17  1:08  Spawning Pool  
  15  1:11  Drone  
  16  1:26  Extractor  
  16  1:27  Drone  
  16  1:34  Drone  
  16  1:36  Drone  
  18  1:56  Queen  
  18  2:01  Zergling x4  
  22  2:03  Overlord  
  22  2:20  Overlord  
  22  2:35  Drone  
  23  2:46  Metabolic Boost  
  23  2:49  Extractor  
  23  2:50  Drone  
  23  2:51  Drone  
  24  2:52  Drone x2  
  26  3:05  Zergling x6  
  29  3:25  Zergling x4  
  29  3:26  Overlord, Zergling x4  
  33  3:44  Queen  
  35  3:48  Baneling Nest  
  35  3:49  Lair  
  35  3:50  Drone  
  35  3:51  Drone  
  35  3:54  Drone x2  
  38  4:06  Overlord  
  38  4:12  Zergling x2  
  38  4:13  Zergling x6  
  42  4:17  Overlord  
  42  4:20  Extractor  
  41  4:28  Drone  
  42  4:36  Zergling x4  
  42  4:37  Zergling x4  
  46  4:50  Zergling x2  
  47  4:57  Spire  
  46  5:00  Overlord  
  46  5:07  Overseer  
  46  5:13  Extractor  
  39  5:44  Overlord  
  39  5:45  Drone x2  
  39  5:47  Hydralisk Den  
  39  5:48  Drone x3  
  36  6:02  Hatchery  
  35  6:15  Hydralisk  
  35  6:16  Hydralisk x4  
  45  6:29  Evolution Chamber, Drone  
  45  6:36  Hydralisk x2  
  45  6:39  Drone  
  50  6:54  Hydralisk x2  
  50  6:56  Overlord  
  54  7:05  Zergling x10  
  59  7:09  Drone  
  60  7:23  Hydralisk  
  60  7:24  Hydralisk  
  60  7:25  Hydralisk  
  60  7:27  Muscular Augments  
  66  7:45  Drone x2  
  66  7:46  Drone x3  
  71  8:02  Hydralisk  
  71  8:03  Hydralisk x2  
  74  8:12  Drone x3  
  77  8:24  Drone x2  
  77  8:25  Lurker Den  
  79  8:32  Spore Crawler  
  78  8:38  Zerg Missile Weapons Level 1  
  78  8:41  Drone  
  78  8:45  Overlord  
  78  8:46  Drone  
  80  9:04  Drone  
  80  9:05  Drone x4  
  85  9:10  Hydralisk x3  
  91  9:23  Hydralisk x3  
  97  9:31  Spore Crawler  
  95  9:48  Hydralisk  
  95  9:49  Hydralisk x4  
  105  10:09  Overlord x5  
  105  10:20  Overlord  
  105  10:29  Lurker x4  
  105  10:30  Lurker  
  110  10:45  Hydralisk x3  
  110  10:46  Hydralisk x2  
  110  10:49  Drone  
  121  10:51  Extractor  
  121  10:53  Extractor  
  119  11:11  Hydralisk x5  
  102  11:56  Hydralisk  
  102  11:57  Hydralisk x5  
Tags
 
Add a new tag
Caveats
  • Supply blocks, unpowered buildings, or Contaminate may cause inaccurate times.
  • Supply counts are checked every 10 seconds.